Map: Para Site LE

Players

Stats - Winner!

  • Race: Protoss Protoss
  • League: Grandmaster
  • Spawn Location: 5:00

Patience

  • Race: Protoss Protoss
  • League: Master
  • Spawn Location: 11:00

VOD

Have the link to the VOD?

Description

Time

  • Played on: Oct. 17, 2018, 5:07 a.m.
  • Length: 4:17
Show
View Real Time Build Order
Export as new Build Order

Stats Protoss - Winner!

Build Orders: Oracle Opening 

Get SALT Encoding   

  12  0:00  Probe  
  13  0:12  Probe  
  14  0:16  Pylon  
  14  0:23  Probe  
  15  0:31  Probe  
  15  0:36  Gateway  
  15  0:39  Probe  
  16  0:45  Assimilator  
  17  0:51  Probe  
  17  0:53  Assimilator  
  18  0:59  Probe  
  19  1:07  Probe, Gateway  
  19  1:17  Probe  
  20  1:23  Cybernetics Core  
  21  1:29  Probe  
  22  1:34  Pylon  
  22  1:41  Probe  
  23  1:53  Probe  
  24  2:00  Warp Gate, Adept x2  
  28  2:10  Pylon  
  28  2:27  Stargate, Adept  
  28  2:28  Adept  
  31  2:54  Adept  
  31  2:55  Adept  
  35  3:00  Oracle, Pylon  
  38  3:22  Nexus  
  38  3:29  Shield Battery  
  38  3:36  Oracle  
  38  3:39  Shield Battery  
  41  3:49  Probe  
  41  3:51  Shield Battery  
  42  4:06  Stalker  
  42  4:07  Stalker  
Show
View Real Time Build Order
Export as new Build Order

Patience Protoss 

Build Orders: Phoenix Opening 

Get SALT Encoding   

  12  0:00  Probe  
  13  0:13  Probe  
  14  0:17  Pylon  
  14  0:24  Probe  
  15  0:32  Probe  
  15  0:38  Gateway  
  15  0:40  Probe  
  16  0:47  Assimilator  
  17  0:50  Probe  
  17  0:54  Assimilator  
  18  0:58  Probe  
  19  1:06  Probe, Gateway  
  20  1:17  Probe  
  21  1:27  Cybernetics Core  
  21  1:29  Probe  
  22  1:38  Pylon  
  22  1:41  Probe  
  23  1:56  Warp Gate, Probe  
  24  2:04  Adept, Sentry  
  28  2:09  Probe  
  28  2:14  Pylon  
  29  2:21  Probe  
  30  2:35  Probe  
  31  2:42  Stargate  
  31  2:48  Stalker  
  32  2:53  Stalker  
  34  3:01  Probe  
  35  3:06  Shield Battery  
  35  3:16  Probe  
  35  3:19  Phoenix  
  36  3:25  Nexus  
  36  3:31  Shield Battery  
  36  3:33  Probe  
  39  3:51  Pylon  
  39  4:04  Probe  
Tags
 
Add a new tag
Caveats
  • Supply blocks, unpowered buildings, or Contaminate may cause inaccurate times.
  • Supply counts are checked every 10 seconds.